[Event "European Women-ch 2023"]
[Site "Petrovac"]
[Date "2023.03.20"]
[Round "3.14"]
[White "Danielian, Elina"]
[Black "Krasteva, Beloslava"]
[Result "1-0"]
[ECO "E17"]
[WhiteElo "2431"]
[BlackElo "2292"]
[Annotator "TA"]
[PlyCount "88"]
[EventDate "2023.03.15"]
[EventType "swiss"]
[EventCountry "MNE"]
[SourceTitle "playchess.com"]
[Source "ChessBase"]
[SourceQuality "1"]
[TimeControl "40/5400+30:1800+30"]

1. d4 Nf6 2. c4 e6 3. Nf3 b6 4. g3 Bb7 5. Bg2 Be7 6. O-O O-O 7. Re1 Ne4 {[%emt 0:03:09] E17: Queen's Indian: 4 g3 Bb7 5 Bg2 Be7.} 8. Nfd2 d5 9. cxd5 {[%emt 0:04:34] 9.cxd5 scores better than 9.Nxe4.} exd5 {[%emt 0:00:32] The position is equal.} 10. Nxe4 dxe4 11. Nc3 f5 12. Bf4 Nc6 13. Qb3+ Kh8 14. Red1 Bd6 (14... Nxd4 15. Qc4 c5 16. e3 $16) 15. Bxd6 {[%emt 0:01:24] [#]} Qxd6 $146 ({Predecessor:} 15... cxd6 16. d5 Ne5 17. Nb5 Ba6 18. Nd4 Bc4 19. Qe3 Ng4 20. Qa3 Qd7 21. f3 Nf6 {½-½ Mesquita,F (2371)-Sanchez,M (2369) WZ-ch GM/18/05 email 2018}) 16. Nb5 Qd7 17. Rac1 {[%emt 0:14:10] White wants to play d5.} (17. d5 $5 Na5 18. Qb4 $11) 17... Ba6 18. a4 Na5 19. Qb4 (19. Qc2 $11) 19... Nc6 $2 (19... c6 $15 20. Nc3 Qf7) 20. Qc3 $16 Bxb5 21. axb5 Na5 22. Qxc7 Qxb5 23. e3 Qd5 (23... Qb3 $142) 24. Bf1 {[%emt 0:00:55] [#] aiming for b4.} Rf7 25. Qf4 {[%emt 0:06:20] Strongly threatening b4.} Qd7 (25... Qd8 $16 {might work better.} 26. Rc3 Nb7) 26. Rc3 $18 Nb7 27. Rdc1 {[%emt 0:00:10] Rc7 is the strong threat.} Nd6 {[%emt 0:01:44] [#]} 28. Rc7 $1 Qe6 29. R7c6 Rd7 30. Ba6 {[%emt 0:01:53] And now Bc8 would win.} Qe7 31. h4 (31. Qe5 $18 {Qxe7 would be deadly.} Qf8 32. Qe6) 31... h6 $16 32. h5 $36 {[%emt 0:01:00][%mdl 2048] Threatens to win with Bc8. White is in control. White is more active.} Rf8 33. Qe5 {[%emt 0:01:24] Hoping for Qxe7.} Qxe5 {[%emt 0:04:20][%mdl 8192] Loses the game.} (33... Rfd8 $16) 34. dxe5 $18 Ne8 35. Rc8 Re7 36. Ra8 Rxe5 37. Rcc8 ({But not} 37. Rxa7 $6 Nf6 $16) 37... b5 $2 (37... Re7 $2 38. Bb5 $18) (37... g5 38. Rc6 (38. Rxa7 Ra5 $18) (38. hxg6 Kg7 $18) 38... Rf7) 38. Rab8 (38. Rxa7 Rg8 39. b4 Nf6 $18) 38... Kg8 39. Bxb5 ({Weaker is} 39. Rxb5 Rxb5 40. Bxb5 Nd6 41. Bc4+ Nxc4 42. Rxc4 Kf7 $11) 39... Kf7 40. Bc4+ Kf6 41. Kg2 Ke7 (41... Kg5 $142 42. Bb5 Kxh5 43. Bxe8+ Kg5) 42. Rb7+ Kd6 43. Bb5 Rg8 44. Rc6+ Kd5 {[%emt 0:01:45] Weighted Error Value: White=0.24 (precise) /Black=0.59} 1-0

[Event "European Women-ch 2023"]
[Site "Petrovac"]
[Date "2023.03.20"]
[Round "3.14"]
[White "Balajayeva, Khanim"]
[Black "Lehaci, Miruna-Daria"]
[Result "1-0"]
[ECO "D31"]
[WhiteElo "2372"]
[BlackElo "2202"]
[Annotator "TA"]
[PlyCount "73"]
[EventDate "2023.03.15"]
[EventType "swiss"]
[EventCountry "MNE"]
[SourceTitle "playchess.com"]
[Source "ChessBase"]
[SourceQuality "1"]
[TimeControl "40/5400+30:1800+30"]

1. c4 e6 2. Nc3 d5 3. d4 a6 4. cxd5 exd5 5. Bf4 Nf6 6. e3 {[%emt 0:01:38] D31: Queen's Gambit Declined: Semi-Slav without ...Nf6 (+ Marshall Gambit and Noteboom) and Exchange Variation lines without ...Nf6.} c5 7. Nge2 Nc6 8. g3 {[%emt 0:00:14] White has an edge.} cxd4 9. Nxd4 Bg4 {[%emt 0:07:45] [#]} 10. Be2 $146 ({Predecessor:} 10. Qd3 Nxd4 11. Qxd4 Bf3 12. Rg1 Rc8 13. Be2 Bxe2 14. Kxe2 Be7 15. Rad1 O-O 16. Be5 {1-0 Kantor,G (2533)-Kozusek,D (2323) Riga Tech op-A 2021 (3)}) 10... Bxe2 11. Ncxe2 Bb4+ 12. Kf1 O-O 13. Kg2 Qe7 14. Rc1 Nd8 $2 {[%emt 0:16:21] [#] This move loses the game for Black.} (14... Rac8 $14) 15. Qa4 {[%emt 0:14:51] And now Rc7 would win.} Nh5 16. a3 Bd2 (16... Nxf4+ {keeps fighting.} 17. Nxf4 Bc5) 17. Rcd1 b5 18. Nxb5 Qb7 $2 {[%emt 0:01:53] [#]} (18... axb5 19. Qxa8 Qe4+ 20. f3 Nxf4+ 21. Nxf4 Qc2) 19. Nbd4 $18 Nxf4+ 20. gxf4 ({Don't take} 20. Nxf4 Qxb2 21. Nxd5 Qb7 $18) 20... Qxb2 21. Rb1 Qa2 22. Qb3 Qxb3 23. Nxb3 {[%emt 0:00:03] A dynamic duo of knights.} ({Less strong is} 23. Rxb3 Re8 24. Rd1 Ba5 $16) 23... d4 24. Nxd2 {[%emt 0:00:46] White is clearly winning.} dxe3 25. fxe3 Re8 26. Kf3 Ne6 27. Nb3 a5 28. Ned4 Nc7 29. Rbc1 Nd5 30. Rhe1 Nf6 31. a4 Ne4 32. Nc5 Nd6 33. Nb5 Nxb5 34. axb5 a4 35. b6 Ra5 36. b7 a3 37. Nd7 {[%emt 0:00:16] Weighted Error Value: White=0.04 (flawless) /Black=0.40} 1-0

[Event "European Women-ch 2023"]
[Site "Petrovac"]
[Date "2023.03.20"]
[Round "3.14"]
[White "Goriachkina, Oksana"]
[Black "Allahverdiyeva, Ayan"]
[Result "0-1"]
[ECO "E15"]
[WhiteElo "1759"]
[BlackElo "2124"]
[Annotator "TA"]
[PlyCount "88"]
[EventDate "2023.03.15"]
[EventType "swiss"]
[EventCountry "MNE"]
[SourceTitle "playchess.com"]
[Source "ChessBase"]
[SourceQuality "1"]
[TimeControl "40/5400+30:1800+30"]

1. d4 Nf6 2. c4 e6 3. Nf3 b6 4. g3 Ba6 5. Qc2 c5 {[%emt 0:00:31] [#]} 6. d5 $1 {[%emt 0:00:05] Wards off Nc6. E15: Queen's Indian: 4 g3 sidelines, 4 g3 Ba6 and 4 g3 Bb7 early deviations.} exd5 7. cxd5 Bb7 8. Bg2 {[%emt 0:00:06] The position is equal.} Nxd5 9. O-O {[%emt 0:00:28] Black must now prevent Ng5.} Be7 {[%emt 0:00:17] Wards off Ng5} (9... Nc6 $5) 10. Rd1 Nc6 11. a3 {[%emt 0:00:04] 11.Qf5 is setting a new trend.} ({Reject} 11. Rxd5 Nb4 12. Qd1 Bxd5 $17) 11... Nc7 12. e4 d6 13. Nc3 O-O {[#]} 14. Bf4 $146 ({Predecessor:} 14. Be3 Qc8 15. Rd2 Ne5 16. Bf4 Nxf3+ 17. Bxf3 Ne6 18. Bg4 Qe8 19. Be3 Bf6 20. Rxd6 {0-1 Lettieri,G (2435)-Fedoseev,V (2678) Titled Tuesday intern op 5th May blitz 2020 (3)}) 14... Ne6 15. Be3 {[%emt 0:00:00] Against Ned4} Re8 16. Nd5 Bf8 17. Qd2 Nc7 18. Nc3 Qc8 19. Qc2 Ne5 20. Nh4 g6 21. Qc1 Qe6 22. Bh6 {[%emt 0:08:29] [#]} Bxh6 $1 23. Qxh6 Rad8 24. Qf4 {[%emt 0:05:54] Inhibits Qf6.} (24. Qd2 $17) 24... Qe7 {[%emt 0:00:55] aiming for ...g5.} 25. Nf3 (25. Qc1 $17 {was worth a try.}) 25... Ne6 26. Qe3 Nxf3+ 27. Qxf3 Nd4 28. Qd3 Bc6 29. a4 Qe6 30. h4 h5 31. Kh2 Re7 {[%emt 0:03:14] Black has more active pieces.} ({Black should try} 31... Qb3 32. Rd2 Rd7) 32. f3 (32. b4 $17) 32... Rde8 33. Ne2 (33. a5 $142) 33... Nxe2 $19 34. Qxe2 d5 35. Qd2 (35. Rd2 $142) 35... dxe4 36. fxe4 Bxe4 37. Re1 Qc6 {[%emt 0:00:30] Threatens to win with ...Bxg2.} 38. Bxe4 (38. Bf1 Bd5 39. Rxe7 (39. Bb5 $2 Rxe1 40. Rxe1 Rxe1 $19) 39... Rxe7 40. a5) 38... Rxe4 {[%emt 0:00:04] Black is clearly winning.} 39. Rxe4 Qxe4 {[%emt 0:00:03] KQR-KQR} 40. Kg1 Qe3+ 41. Qf2 a5 42. Rf1 Qxf2+ 43. Kxf2 Re4 44. Ra1 Rb4 {[%emt 0:00:03] Repels b3.   Weighted Error Value: White=0.35/Black=0.14 (very precise)} 0-1

[Event "European Women-ch 2023"]
[Site "Petrovac"]
[Date "2023.03.20"]
[Round "3.15"]
[White "Koridze, Lile"]
[Black "Sargsyan, Anna M."]
[Result "1/2-1/2"]
[ECO "D85"]
[WhiteElo "2122"]
[BlackElo "2371"]
[Annotator "TA"]
[PlyCount "53"]
[EventDate "2023.03.15"]
[EventType "swiss"]
[EventCountry "MNE"]
[SourceTitle "playchess.com"]
[Source "ChessBase"]
[SourceQuality "1"]
[TimeControl "40/5400+30:1800+30"]

1. d4 Nf6 2. c4 g6 3. Nc3 d5 4. cxd5 Nxd5 5. Bd2 Bg7 6. e4 Nxc3 7. Bxc3 O-O 8. Qd2 c6 {[%emt 0:12:34] D85: Exchange Grünfeld: Unusual White 7th moves and lines with 7 Nf3.} 9. Nf3 Bg4 10. Be2 (10. Ng5 $14) 10... Nd7 11. O-O e5 {[%emt 0:08:46] [#]} 12. Rfd1 $146 ({Predecessor:} 12. d5 Nc5 13. Qe3 cxd5 14. exd5 Qxd5 15. Rfd1 Qe4 16. Qxc5 Qxe2 17. Rd2 Qa6 18. Nxe5 {1-0 Panzer,P (2420)-Schirm,F (2310) Wichern op 2nd 1993 (9)}) 12... Bxf3 13. Bxf3 ({Much weaker is} 13. gxf3 Qh4 14. Qc2 Rae8 $15) 13... exd4 14. Bxd4 Ne5 15. Be2 {[%emt 0:02:41] [#] f4 would be deadly.} Qh4 16. Qe3 Rfe8 17. g3 (17. f3 {simplifies} b6 18. Qf2 Qxf2+ 19. Kxf2 Red8 20. Bc3) 17... Qh3 18. f4 Ng4 19. Bxg4 Qxg4 20. Bxg7 Kxg7 21. Rd6 Re6 22. Qd4+ Kg8 23. Rd8+ Rxd8 24. Qxd8+ Kg7 25. Qd4+ {[%emt 0:00:21] The position is equal.} Kg8 26. Qd8+ ({But not} 26. Qxa7 Rxe4 27. Rf1 (27. Qxb7 $2 {is the wrong capture.} Re2 $19) 27... Qd7 $15) 26... Kg7 27. Qd4+ {[%emt 0:00:04] Weighted Error Value: White=0.11 (very precise) /Black=0.10 (very precise)} 1/2-1/2

[Event "European Women-ch 2023"]
[Site "Petrovac"]
[Date "2023.03.20"]
[Round "3.15"]
[White "Ivanovic, Tara"]
[Black "Froewis, Annika"]
[Result "0-1"]
[ECO "C06"]
[WhiteElo "1472"]
[BlackElo "2123"]
[Annotator "TA"]
[PlyCount "52"]
[EventDate "2023.03.15"]
[EventType "swiss"]
[EventCountry "MNE"]
[SourceTitle "playchess.com"]
[Source "ChessBase"]
[SourceQuality "1"]
[TimeControl "40/5400+30:1800+30"]

1. e4 e6 2. d4 d5 3. Nd2 Nf6 4. e5 Nfd7 5. Bd3 c5 6. c3 b6 7. Nh3 Ba6 {[%emt 0:01:46] C06: French Tarrasch: 3...Nf6 4 e5 Nfd7 5 Bd3 main lines.} 8. Bxa6 Nxa6 9. Qg4 cxd4 {White is slightly better.} 10. cxd4 Nb4 11. O-O {[%emt 0:04:34] [#]} g6 $146 (11... Nc2 $14 12. Rb1 Rc8) ({Predecessor:} 11... Nc2 12. Rb1 h5 13. Qf4 Be7 14. Nf3 Nf8 15. Nfg5 Bxg5 16. Nxg5 Qd7 17. b3 Ng6 {½-½ Richter,W (2169)-Conde Poderoso,A (2293) Webchess op7 Gr117 email 2017}) 12. a3 $2 {[%emt 0:14:03] [#]} (12. Nf3 $16 {keeps the pressure on.}) 12... Nc2 $1 $17 13. Rb1 {[%emt 0:05:43] [#]} h5 $1 14. Qf4 Bh6 {[%emt 0:00:26][%mdl 64] Inhibits Ng5. Deflection} 15. Qf3 {[%emt 0:03:18] Strongly threatening Nb3.} Nxd4 {[%emt 0:00:14] Black has more active pieces.} 16. Qd3 Nf5 $36 {[%emt 0:05:22][%mdl 2048] Black is in control.} ({Don't do} 16... Nxe5 17. Qxd4 Bg7 18. Qa4+ Qd7 19. Qxd7+ Kxd7 20. Nb3 $16) 17. Nf3 Nc5 18. Qb5+ Qd7 19. Qxd7+ Kxd7 20. Nhg5 Ke7 21. b4 Na4 22. Bd2 b5 23. Rbc1 {[%emt 0:02:40] Threatens to win with Rc7+.} Rac8 {[%emt 0:04:14] Inhibits Rc7+.} 24. h3 Bg7 25. Bf4 Nb2 26. Rfe1 $2 (26. g3 {was worth a try.}) 26... Nd3 {[%emt 0:01:11][%csl LRc1,LRe1,LRf4] Weighted Error Value: White=0.38/Black=0.04 (flawless)} 0-1

[Event "European Women-ch 2023"]
[Site "Petrovac"]
[Date "2023.03.20"]
[Round "3.16"]
[White "Melia, Salome"]
[Black "Calzetta Ruiz, Monica"]
[Result "1/2-1/2"]
[ECO "B40"]
[WhiteElo "2366"]
[BlackElo "2185"]
[Annotator "TA"]
[PlyCount "81"]
[EventDate "2023.03.15"]
[EventType "swiss"]
[EventCountry "MNE"]
[SourceTitle "playchess.com"]
[Source "ChessBase"]
[SourceQuality "1"]
[TimeControl "40/5400+30:1800+30"]

1. e4 c5 2. Nf3 e6 3. b3 b6 4. c4 Bb7 5. Nc3 Nc6 6. d4 {[%emt 0:09:36] B40: Sicilian: 2...e6, Unusual lines.} (6. Bb2 $11) 6... cxd4 $15 7. Nxd4 {[%emt 0:00:12] [#]} Nf6 ({Much worse is} 7... Bb4 $6 8. Bb2 $11) (7... Qf6 $1 $17 {Hoping for ...Bc5.} 8. Nde2 Bc5) 8. Nc2 $11 {[%emt 0:03:23] [#]} Be7 $146 ({Predecessor:} 8... Nb4 9. f3 Bc5 10. Bb2 O-O 11. Nxb4 Bxb4 12. a3 Bc5 13. b4 Be7 14. Qb3 d5 15. cxd5 exd5 {0-1 Zubarev,A (2490)-Krapivin,A (2460) Bykova Memorial 2006 (7)}) 9. Bd3 O-O 10. O-O Rc8 11. Bb2 a6 ({Better is} 11... Ne5 $11) 12. Kh1 (12. f4 $1 $14 {deserves consideration.}) 12... Ne5 13. Be2 d6 (13... Ng6 $5 ) 14. f4 Ned7 15. Bf3 b5 16. cxb5 axb5 17. Qe2 Qb6 18. a3 Rc5 19. Rac1 Rfc8 20. Nd4 Ba6 21. b4 Rc4 22. Nb3 Ne8 (22... Nf8 $14) 23. Na5 $16 R4c7 24. e5 {[%emt 0:01:11] Inhibits Bf6.} dxe5 25. fxe5 Bg5 26. Rcd1 {[%emt 0:05:19] And now Ne4 would win.} Nxe5 $1 {[%emt 0:01:11][%mdl 64] Remove Defender} 27. Qxe5 Bf6 28. Qf4 {[%emt 0:00:06][%cal Of3h5] Bh5! would be deadly.} Bxc3 29. Bxc3 Rxc3 30. Bb7 R8c7 31. Rd8 Kf8 32. Be4 Ke7 $4 {[%emt 0:04:40][%mdl 8192] [#]} (32... h6 $11) 33. Qxf7+ $2 (33. Rb8 $1 $18 f6 34. Rxb6) 33... Kxd8 $11 34. Rd1+ Nd6 35. Qf8+ Kd7 {[%emt 0:00:05][%cal Ob6d4] White must now prevent ...Qd4!} 36. Qxg7+ Ke8 37. Qg8+ Ke7 38. Qg5+ Ke8 (38... Kf8 $5 39. Qd8+ Kf7 40. Bxh7 Qf2 41. Qxd6 (41. Rxd6 $2 Qf1#) 41... Rc1 $17) 39. Qg8+ Ke7 40. Qg5+ Ke8 (40... Kf8 $17 41. Qd8+ Kf7 42. Bxh7 Qf2 43. Qxd6 (43. Rxd6 $2 Qf1#) 43... Rc1) 41. Qg8+ {[%emt 0:03:11] A brilliant game!   Weighted Error Value: White=0.32/Black=0.20 (precise)} 1/2-1/2

[Event "European Women-ch 2023"]
[Site "Petrovac"]
[Date "2023.03.20"]
[Round "3.16"]
[White "Mashchenko, Tamila"]
[Black "Pavlidou, Ekaterini"]
[Result "0-1"]
[ECO "E53"]
[WhiteElo "1956"]
[BlackElo "2178"]
[Annotator "TA"]
[PlyCount "110"]
[EventDate "2023.03.15"]
[EventType "swiss"]
[EventCountry "MNE"]
[SourceTitle "playchess.com"]
[Source "ChessBase"]
[SourceQuality "1"]
[TimeControl "40/5400+30:1800+30"]

1. d4 {[%emt 0:09:21] Anand,Viswanathan} Nf6 2. c4 e6 3. Nc3 Bb4 4. e3 O-O 5. Bd3 d5 6. a3 Bxc3+ 7. bxc3 dxc4 8. Bxc4 c5 9. Nf3 Qc7 10. Be2 b6 11. O-O {[%emt 0:00:08] 11.Bb2 gains popularity.} Bb7 12. Bb2 Nbd7 13. c4 {[%emt 0:01:13] E53: Nimzo-Indian: Rubinstein: Main Line (4...0-0 5 Nf3 d5 6 Bd3 c5 7 0-0).} (13. Nd2 {feels hotter.} Rfd8 14. a4 Rac8 15. Bd3) 13... Rfd8 14. Rc1 (14. a4 {looks sharper.} Ng4 15. g3 Ndf6 16. Nd2) 14... Rac8 15. Qb3 {[%emt 0:07:20] The position is equal.} Ng4 16. g3 $1 (16. d5 exd5 17. h3 (17. cxd5 Ndf6 $15) 17... dxc4 18. Bxc4 Nge5 19. Nxe5 Nxe5 $15) 16... Ngf6 17. Rfd1 Ne4 {[%emt 0:10:38] [#]} 18. d5 $146 (18. Nd2 {simplifies} Nxd2 19. Rxd2 cxd4 20. exd4 Qc6 21. d5) ({Predecessor:} 18. Ne1 Nd6 19. d5 exd5 20. cxd5 c4 21. Qc2 b5 22. Ng2 Nc5 23. Nf4 Qe7 24. Bg4 {0-1 Carlsen,M (2837)-Anand,V (2782) Wch Rapid Riadh 2017 (9)}) 18... Ndf6 19. dxe6 Ng4 {[%emt 0:08:29] Prevents Ne5.} 20. Rd7 $2 Rxd7 $19 21. exd7 Qxd7 (21... Nexf2 $2 22. dxc8=Q+ Qxc8 23. Nh4 $18) 22. Rf1 Qc6 23. Qb5 (23. Qd3 $17) 23... Qe6 24. Qb3 Qh6 $2 (24... Nexf2 25. Rxf2 Nxf2 26. Kxf2 $15) (24... Rd8 $19 {White must now prevent ...Qc6.} 25. h3 Ngxf2 26. Rxf2 Nxg3) 25. Nh4 $1 $15 Ngf6 ({Reject} 25... Nexf2 26. Rxf2 Nxf2 27. Kxf2 $11) ({Better is} 25... f5 $15 26. Qd1 Ng5 27. Bxg4 Qc6) 26. Bxf6 $2 ({Don't play} 26. Nf5 Qh3 27. Ne7+ Kh8 $17) ({White should play} 26. Qd3 $11 Ng5 27. Rd1) 26... Qxf6 $17 27. Qc2 Rd8 $40 {[%emt 0:00:48][%mdl 128] Strongly threatening ...Rd2. Black wants a kill.} 28. Bd3 Ng5 {[%emt 0:00:43][%cal Rg5h3] Black is much more active.} 29. Rd1 g6 30. Bf1 (30. f4 $17 Ne4 31. Nf3) 30... Rxd1 $19 31. Qxd1 Ne4 (31... Kg7 $19 32. Bg2 Ne4) 32. Qc2 {[%emt 0:00:43] Prevents Qb2.} (32. f3 $17 Ng5 33. Bg2) 32... Qa1 33. Nf3 {[%emt 0:00:52] [#] Inhibits Ng5.} Nxg3 $1 {[%emt 0:00:48][%mdl 576] Discovered Attack} 34. hxg3 {[%emt 0:00:09] Hoping for Ng5.} Bxf3 {[%emt 0:00:07][%mdl 4096] Endgame KQB-KQB} 35. Qd3 Qd1 36. Qxd1 Bxd1 {[%emt 0:00:05] KB-KB} 37. Bd3 $2 (37. f4) 37... Bf3 38. Kf1 Kg7 39. Ke1 Kf6 40. Kd2 {[%emt 0:00:00] [#]} Ke5 {[%emt 0:00:00] Against e4} 41. Bc2 (41. Ke1 $142 h6 42. Bb1) 41... h5 {[%emt 0:01:46] aiming for ...g5.} 42. Ba4 g5 {[%emt 0:00:54] Threatens to win with ...h4.} 43. Bd7 f5 44. Ke1 Be4 {[%emt 0:06:02] ...h4 would be deadly.} 45. f4+ (45. Bb5 $142 f4 46. exf4+ gxf4 47. Be8) 45... gxf4 46. gxf4+ (46. exf4+ $142 Kd4 47. Be8) 46... Kd6 47. Be8 h4 48. Kf2 a6 49. Kg1 Ke7 50. Ba4 Bd3 51. Kh2 Bxc4 52. Bc2 Kf6 {[%emt 0:00:58] ( -> ...b5)} 53. Kh3 b5 {[%emt 0:01:14][%cal Bb6b5,Bb5b4][%mdl 32] Black mates.} 54. Kxh4 b4 55. a4 Ba2 {[%emt 0:00:46] Weighted Error Value: White=0.84/Black=0.33} 0-1

[Event "European Women-ch 2023"]
[Site "Petrovac"]
[Date "2023.03.20"]
[Round "3.17"]
[White "Velikic, Adela"]
[Black "Tsirulnik, Maritsa"]
[Result "1-0"]
[ECO "B54"]
[WhiteElo "2329"]
[BlackElo "2121"]
[Annotator "TA"]
[PlyCount "69"]
[EventDate "2023.03.15"]
[EventType "swiss"]
[EventCountry "MNE"]
[SourceTitle "playchess.com"]
[Source "ChessBase"]
[SourceQuality "1"]
[TimeControl "40/5400+30:1800+30"]

1. e4 c5 2. Nf3 e6 3. d4 cxd4 4. Nxd4 Nc6 5. Nc3 d6 6. g4 Nge7 7. Be3 a6 8. h4 {[%emt 0:09:15] [#] B54: Sicilian: 2...d6 3 d4 cxd4 4 Nxd4, Unusual Lines .} h6 $146 (8... b5 $14 {was preferrable.}) ({Predecessor:} 8... b5 9. a3 Bb7 10. g5 Rc8 11. Be2 Nxd4 12. Qxd4 Nc6 13. Qd2 Ne5 14. h5 Nc4 15. Bxc4 Rxc4 {1-0 Ivic,V (2623)-Hansen,E (2606) Titled Tuesday intern op 31st May Late blitz 2022 (11)}) 9. Be2 (9. Nb3 $16) 9... b5 $11 10. Qd2 {[%emt 0:08:16] The position is equal.} Bb7 11. O-O-O Nxd4 12. Qxd4 Nc6 13. Qd2 Rc8 14. Rh3 (14. Bf4 $11) 14... Na5 (14... Qa5 $1 $15) 15. b3 Qc7 16. Kb2 Be7 (16... b4 $11 17. Na4 Bxe4) 17. Bd4 (17. a3 $14) 17... Kf8 $1 18. f4 {[%emt 0:03:56] Active counter play!} Nc6 {[%emt 0:01:34] ...b4 would be deadly.} (18... b4 {is more complex.} 19. Na4 Bxe4 20. Bd3 Bxd3 21. Rxd3 Nc6) 19. Bf2 Bf6 {[%emt 0:04:35] White must now prevent ...b4.} 20. Kb1 $36 {[%emt 0:00:43][%mdl 2048] White is more active.} ({Much weaker is} 20. Qxd6+ Qxd6 21. Rxd6 b4 $17) (20. a3 {with more complications.} b4 21. axb4 Nxb4 22. Bd4) 20... Be7 21. Bf1 Nb4 (21... Kg8 $14) 22. a3 $16 Nc6 23. Na2 Rd8 24. Bg2 a5 {[%emt 0:01:20] [#]} (24... Rc8 $14) 25. Nc3 $1 Ba6 {[%emt 0:00:40] [#]} (25... b4 $16) 26. Bf1 $1 $18 Qb7 27. Qe2 {[%emt 0:00:41] Strongly threatening a4.} a4 28. b4 Rb8 29. Kc1 Qc7 30. Nxa4 Bf6 $2 (30... Kg8 31. Qe3 h5) 31. e5 bxa4 (31... dxe5 $142 32. Bc5+ (32. Nc5 Bc8 $18) 32... Be7) 32. Qxa6 {[%emt 0:00:10] White is clearly winning.} dxe5 33. Bc5+ {[%emt 0:00:28] A strong pair of Bishops. Black is weak on the light squares} Be7 34. Rc3 (34. Qxa4 Bxc5 35. Rc3 e4 36. Rxc5 Qxf4+ 37. Kb2 Qf3 $16) 34... Nxb4 35. Bxb4 {[%emt 0:00:49] Weighted Error Value: White=0.20 (precise) /Black=0.37} 1-0

[Event "European Women-ch 2023"]
[Site "Petrovac"]
[Date "2023.03.20"]
[Round "3.17"]
[White "Mayrhuber, Nikola"]
[Black "Silva, Mariana Sofia T."]
[Result "1-0"]
[ECO "D35"]
[WhiteElo "2162"]
[BlackElo "1920"]
[Annotator "TA"]
[PlyCount "61"]
[EventDate "2023.03.15"]
[EventType "swiss"]
[EventCountry "MNE"]
[SourceTitle "playchess.com"]
[Source "ChessBase"]
[SourceQuality "1"]
[TimeControl "40/5400+30:1800+30"]

1. d4 d5 2. c4 e6 3. Nc3 Nf6 4. cxd5 exd5 5. Bg5 c6 6. e3 h6 7. Bh4 Be7 8. Bd3 O-O 9. Nge2 {[%emt 0:00:26] D35: Queen's Gambit Declined: Exchange Variation.} Re8 10. O-O a5 11. f3 {[%emt 0:07:15] The position is equal.} b5 12. Rc1 Nbd7 {[%emt 0:06:43] [#]} 13. Qd2 $146 ({Predecessor:} 13. Bf2 Nb6 14. Ng3 Nc4 15. Bxc4 dxc4 16. e4 Bf8 17. Qc2 Nh7 18. Rfd1 Ba6 19. d5 {1-0 Vidit,S (2710)-Abdusattorov,N (2713) Aimchess Rapid Prelim 2022 (5)}) 13... Ba6 14. Bf2 Bf8 15. Kh1 Nb6 16. b3 {[%emt 0:00:49] Inhibits Nc4.} Qd7 17. Ng3 g6 18. e4 {[%emt 0:10:28] e5 would be deadly.} b4 $1 19. Nce2 {[%emt 0:04:27] Hoping for e5.} Bxd3 20. Qxd3 dxe4 (20... c5 $1 $14 {might be stronger.}) 21. fxe4 $16 Ng4 {[%emt 0:01:25][%cal Oc6c5] [#]} 22. Bg1 $1 {[%emt 0:01:57] aiming for h3.} c5 (22... h5 $16 {was called for.}) 23. Nf4 $2 (23. Qf3 $18 {is more deadly.}) 23... cxd4 24. Bxd4 ({But not} 24. Qxd4 $6 Qxd4 25. Bxd4 Nd7 $11) 24... Ne5 $2 {[%emt 0:03:25] This move loses the game for Black.} (24... Rad8 $16 {was worth a try.} 25. Rcd1 Qxd4 26. Qxd4 Rxd4 27. Rxd4 Bc5) 25. Qe3 $18 Nc8 26. Nd5 {[%emt 0:01:02][%cal Bf4d5,Bd5f6,Bf6d7,Bd7f8][%mdl 32] And now Nf6+ would win.} Ng4 (26... Bg7 27. Rfd1 Nd6) 27. Qf3 {[%emt 0:02:12] Intending Nf6+ and mate. White is clearly winning.} f5 {[%emt 0:25:18] [#]} 28. Qxg4 $3 fxg4 29. Nf6+ {[%emt 0:00:07] Excellent horsemanship.} Kf7 30. Nxd7+ {[%emt 0:00:07][%mdl 64] Discovered Attack} Ke6 31. Nxf8+ {[%emt 0:00:20] Excellently played by Mayrhuber!   Weighted Error Value: White=0.17 (very precise) /Black=0.34} 1-0